 Dungeon Crawl Stone Soup version 0.21.1-72-gffa868e (webtiles) character file.

23582 Doobh the Quickloader (level 13, -7/82 HPs)
             Began as a Kobold Hunter on Aug 5, 2018.
             Was a Priest of Dithmenos.
             Mangled by a red ugly thing (15 damage)
             ... on level 11 of the Dungeon.
             The game lasted 01:16:13 (14197 turns).

Doobh the Quickloader (Kobold Hunter)              Turns: 14197, Time: 01:16:14

Health: -7/82      AC:  7    Str: 15    XL:     13   Next: 36%
Magic:  13/13      EV: 21    Int: 13    God:    Dithmenos [***...]
Gold:   631        SH: 12    Dex: 19    Spells: 12/12 levels left

rFire    . . .     SeeInvis .   a - +3 hand crossbow (velocity)
rCold    . . .     Gourm    .   n - +2 shield {AC+3}
rNeg     . . .     Faith    .   A - +2 robe {MR+}
rPois    +         Spirit   .   (no helmet)
rElec    .         Reflect  .   g - scarf {cloud immunity}
rCorr    .         Harm     +   (no gloves)
MR       ++...                  (no boots)
Stlth    +++++++...             v - amulet of harm
HPRegen  0.23/turn              y - ring of poison resistance
MPRegen  0.13/turn              t - ring of protection from magic

@: mighty, wreathed by umbra
A: small, carnivore
a: Shadow Step, Renounce Religion


You were on level 11 of the Dungeon.
You worshipped Dithmenos.
Dithmenos was most pleased with you.
You were not hungry.

You visited 3 branches of the dungeon, and saw 13 of its levels.

You collected 631 gold pieces.

Inventory:

Hand Weapons
 a - a +3 hand crossbow of velocity (weapon)
 d - a +0 rapier
Missiles
 e - 81 stones
 m - 29 poisoned needles
 s - 13 bolts (quivered)
Armour
 c - a +3 leather armour
 g - a scarf of cloud immunity (worn)
 n - a +2 shield of protection (worn)
 w - a scarf of resistance
 A - a +2 robe of magic resistance (worn)
Jewellery
 p - an uncursed amulet of regeneration {unknown}
 t - a ring of protection from magic (right hand)
 v - an amulet of harm (around neck)
 x - an uncursed ring of positive energy {unknown}
 y - a ring of poison resistance (left hand)
Wands
 o - a wand of iceblast (7)
 r - a wand of polymorph (22)
Scrolls
 h - 4 scrolls of remove curse
 j - 2 scrolls of amnesia
 k - a scroll of enchant armour
 q - a scroll of holy word
 B - 3 scrolls of fear
Books
 b - a book of Annihilations

   Spells                             Type                      Level
   a - Poison Arrow                   Conjuration/Poison           6
   b - Chain Lightning                Conjuration/Air              8
   c - Lehudib's Crystal Spear        Conjuration/Earth            8
   d - Glaciate                       Conjuration/Ice              9
   e - Fire Storm                     Conjuration/Fire             9
 u - a book of Frost

   Spells                             Type                      Level
   a - Freeze                         Ice                          1
   b - Throw Frost                    Conjuration/Ice              2
   c - Ozocubu's Armour               Charms/Ice                   3
   d - Throw Icicle                   Conjuration/Ice              4
   e - Summon Ice Beast               Ice/Summoning                4
Miscellaneous
 C - a lightning rod (3/4)
Comestibles
 f - 13 rations


   Skills:
 - Level 10.1 Fighting
 - Level 8.0 Short Blades
   Level 0.0(3.0) Long Blades
 + Level 12.5 Crossbows
 - Level 6.0 Armour
 + Level 9.5 Dodging
 + Level 12.0 Stealth
 + Level 4.5 Shields
 - Level 1.1 Evocations


You had 12 spell levels left.
You didn't know any spells.

Dungeon Overview and Level Annotations

Branches:
Dungeon (11/15)            Temple (1/1) D:4            Lair (1/6) D:9
    Orc (0/2) D:9

Altars:
Ashenzari
Cheibriados
Dithmenos
Elyvilon
Fedhas
Gozag
Hepliaklqana
Kikubaaqudgha
Makhleb
Nemelex Xobeh
Okawaru
Qazlal
Ru
Sif Muna
Trog
Uskayaw
Vehumet
Wu Jian
Xom
Yredelemnul
Zin
The Shining One

Annotations:
D:6 Pikel


Innate Abilities, Weirdness & Mutations

You are small and have problems with some larger weapons.
You are carnivorous and can eat meat at any time.


Message History

Press: ? - help, Shift-Dir - straight line, f/p - red ugly thing
Aim: a red ugly thing (heavily wounded, umbra)
You shoot a bolt. The bolt hits the red ugly thing.
The red ugly thing is heavily wounded.
You block the red ugly thing's attack.
Firing (i - inventory. (,) - cycle):
s - 15 bolts (quivered)
Press: ? - help, Shift-Dir - straight line, f/p - red ugly thing
Aim: a red ugly thing (heavily wounded, umbra)
You shoot a bolt.
The bolt closely misses the red ugly thing.
You block the red ugly thing's attack.
Firing (i - inventory. (,) - cycle):
s - 14 bolts (quivered)
Press: ? - help, Shift-Dir - straight line, f/p - red ugly thing
Aim: a red ugly thing (heavily wounded, umbra)
You shoot a bolt. The bolt hits the red ugly thing!
The red ugly thing is severely wounded.
The red ugly thing stings you!
* * * LOW HITPOINT WARNING * * *
You are engulfed in flames!
You die...

#.####### #. #.. #.#.....# #.
######.. .#.....## #.##>......
## #......# #.#.....#.# #.
#......###.........# #.
#.......>..........#
#(#####..#######....)...##
#.......##########........
#######..@u.(#......).####
######....)..)......
#...###.##.)..#.### #####
#.#.# #.##.####.##.
#...#######.#.# #.##.# #....
#.....>...#.#.# #.##.# #..#.
#...#######.#.###.##.# #....
##.## #.#.....##.# ##..#.
###.########.###.#.##.###.....


You could see a red ugly thing.

Vanquished Creatures
  Fannar (D:10)
  A hydra (D:11)
  The ghost of lux767 the Magician, a novice DgCj (D:8)
  An unseen horror (D:11)
  An ugly thing (D:11)
  A cyclops (D:7)
  The ghost of qqq123 the Skirmisher, a novice MiFi of Okawaru (D:5)
  2 polar bears (D:11)
  Grinder (D:6)
  A hornet (D:10)
  A hippogriff (D:9)
  9 yaks
  A spriggan (D:8)
  A wyvern (D:11)
  2 hungry ghosts
  2 hell hounds
  6 orc warriors
  3 black bears
  2 ice beasts
  2 slaves (D:6)
  5 sky beasts
  16 ogres
  3 phantoms
  9 centaurs
  2 crocodiles
  3 big kobolds
  Blork the orc (D:6)
  6 bullfrogs
  2 gnoll sergeants (D:9)
  A scorpion (D:6)
  5 killer bees
  7 wights (D:10)
  6 howler monkeys
  2 bullfrog zombies
  9 crimson imps
  5 orc priests
  3 centaur skeletons
  A gnoll shaman (D:7)
  6 hounds
  6 orc wizards
  3 iguanas
  5 worker ants
  13 gnolls
  7 adders
  2 shadow imps
  2 oozes
  An adder zombie (D:9)
  2 adder skeletons
  6 worms
  A dart slug (D:2)
  5 leopard geckos
  31 orcs
  A giant cockroach (D:1)
  5 goblins
  8 hobgoblins
  11 jackals
  4 quokkas
  2 bats (D:2)
  9 frilled lizards
  16 kobolds
  A leopard gecko zombie (D:5)
  2 quokka zombies
  5 rats
280 creatures vanquished.

Vanquished Creatures (others)
  2 two-headed ogres (D:10)
  An unseen horror (D:10)
  A troll (D:10)
  An ogre (D:10)
  A big kobold (D:10)
  A wight (D:10)
  A jelly (D:10)
  2 worker ants (D:10)
  An adder (D:10)
11 creatures vanquished.

Grand Total: 291 creatures vanquished

Notes
Turn   | Place    | Note
-------+----------+-------------------------------------------
     0 | D:1      | Doobh the Kobold Hunter began the quest for the Orb.
     0 | D:1      | Reached XP level 1. HP: 12/12 MP: 1/1
    53 | D:1      | Reached skill level 5 in Crossbows
    62 | D:1      | Reached XP level 2. HP: 17/17 MP: 2/2
   250 | D:1      | Reached XP level 3. HP: 22/22 MP: 3/3
   487 | D:2      | Reached XP level 4. HP: 27/27 MP: 4/4
  1068 | D:3      | Reached XP level 5. HP: 32/32 MP: 5/5
  1479 | D:4      | Found a staircase to the Ecumenical Temple.
  1495 | Temple   | Entered the Ecumenical Temple
  1843 | D:4      | Reached XP level 6. HP: 26/38 MP: 6/6
  2217 | D:4      | Noticed a black bear
  2220 | D:4      | Killed a black bear
  2220 | D:4      | Reached XP level 7. HP: 43/43 MP: 7/7
  2519 | D:5      | Entered Level 5 of the Dungeon
  2577 | D:5      | Reached skill level 1 in Armour
  2647 | D:5      | Noticed qqq123's ghost (novice MiFi)
  2887 | D:5      | You fall through a shaft for 3 floors!
  2940 | D:8      | Reached skill level 5 in Fighting
  2949 | D:8      | Reached XP level 8. HP: 46/49 MP: 8/8
  3123 | D:8      | Reached skill level 5 in Dodging
  3439 | D:8      | Reached skill level 5 in Stealth
  3445 | D:8      | Noticed a spriggan baker
  3795 | D:7      | Reached XP level 9. HP: 57/57 MP: 9/9
  3819 | D:7      | Noticed a cyclops
  3994 | D:6      | Noticed Blork the orc
  4005 | D:6      | Killed Blork the orc
  4420 | D:6      | Found a sparkling altar of Nemelex Xobeh.
  4649 | D:6      | Reached skill level 1 in Short Blades
  4761 | D:6      | Noticed Pikel
  5373 | D:5      | Found a shadowy altar of Dithmenos.
  5488 | D:5      | Became a worshipper of Dithmenos the Shadowed
  5533 | D:5      | Killed qqq123's ghost
  5533 | D:5      | Reached XP level 10. HP: 66/66 MP: 10/10
  5699 | D:5      | Found a hazy altar of Hepliaklqana.
  6258 | D:6      | Noticed Grinder
  6272 | D:6      | Killed Grinder
  6272 | D:6      | Reached skill level 10 in Fighting
  6818 | D:7      | Killed a cyclops
  6818 | D:7      | Reached skill level 5 in Short Blades
  6868 | D:7      | Found a glowing golden altar of the Shining One.
  6871 | D:7      | Found a white marble altar of Elyvilon.
  7380 | D:8      | Noticed lux767's ghost (novice DgCj)
  7669 | D:8      | Killed lux767's ghost
  7669 | D:8      | Reached skill level 5 in Armour
  8036 | D:8      | Found a bloodstained altar of Trog.
  8370 | D:9      | Reached * piety under Dithmenos
  8519 | D:9      | Reached XP level 11. HP: 57/72 MP: 11/11
  8538 | D:9      | Found a staircase to the Lair.
  8790 | D:9      | Found a shattered altar of Ashenzari.
  8880 | D:9      | Found a staircase to the Orcish Mines.
  8966 | D:9      | Reached skill level 10 in Crossbows
 10432 | D:9      | Reached skill level 1 in Evocations
 10946 | D:9      | Reached ** piety under Dithmenos
 11107 | Lair:1   | Entered Level 1 of the Lair of Beasts
 11571 | D:10     | Entered Level 10 of the Dungeon
 11585 | D:10     | Killed a two-headed ogre
 11588 | D:10     | Killed a two-headed ogre
 11641 | D:10     | Killed an unseen horror
 11755 | D:10     | Identified a scroll of acquirement
 11778 | D:10     | Noticed Fannar
 11801 | D:10     | HP: 2/72 [Fannar/staff of cold (14)]
 11802 | D:10     | Killed Fannar
 12160 | D:10     | Reached skill level 1 in Shields
 12335 | D:10     | Found a shimmering altar of Xom.
 12628 | D:11     | Reached skill level 10 in Stealth
 12660 | D:11     | Found a bloodstained altar of Trog.
 12791 | D:11     | Killed an unseen horror
 12791 | D:11     | Reached XP level 12. HP: 77/77 MP: 12/12
 13218 | D:11     | Noticed a five-headed hydra
 13595 | D:11     | Reached *** piety under Dithmenos
 13972 | D:11     | Killed a five-headed hydra
 14191 | D:11     | Reached XP level 13. HP: 22/82 MP: 13/13
 14197 | D:11     | Mangled by a red ugly thing

Skill      XL: |  1  2  3  4  5  6  7  8  9 10 11 12 |
---------------+-------------------------------------+-----
Crossbows      | 5 6 7 8 10 12 | 12.5
Dodging        | 3 4 5 6 7 9 |  9.5
Stealth        | 2 3 4 5 7 8 10 12 | 12.0
Fighting       | 3 4 5 7 9 10 | 10.1
Armour         | 1 2 5 6 |  6.0
Short Blades   | 2 6 8 |  8.0
Evocations     | 1 |  1.1
Shields        | 2 4 |  4.5

Action                   |  1- 3 |  4- 6 |  7- 9 | 10-12 | 13-15 || total
-------------------------+-------+-------+-------+-------+-------++-------
Melee: Short sword       |       |       |     5 |     3 |       ||     8
       Rapier            |       |       |       |   229 |       ||   229
 Fire: Hand crossbow     |    51 |   130 |   266 |   400 |     5 ||   852
Throw: Stone             |       |       |       |    17 |       ||    17
Evoke: Wand              |       |       |       |     5 |       ||     5
       Lightning rod     |       |       |       |     1 |       ||     1
  Use: Scroll            |       |    12 |     4 |    12 |       ||    28
       Potion            |       |    10 |     9 |     9 |     1 ||    29
 Stab: Sleeping          |       |       |       |     4 |       ||     4
  Eat: Ration            |       |     2 |     2 |     8 |       ||    12
       Chunk             |       |     1 |     5 |    12 |       ||    18
Armor: Leather armour    |     2 |     5 |    11 |    41 |       ||    59
       Robe              |       |       |       |    13 |       ||    13
Dodge: Dodged            |    16 |    22 |    85 |   289 |     2 ||   414
Block: Shield            |       |       |       |    60 |     4 ||    64
